AoeStats
← Blazing Cartesia, The Virtuous

Enclosed

503984202Analyzed
1v1 RM · 1mo ago on Sep 3, 2026· 37m 2s· 2 players
Game mode
Random Map
Map size
Tiny (2 player)
Population
200
Speed
Normal
Resources
Standard
Victory
Conquest
Starting age
Dark Age
Ending age
Imperial Age
RankedLock teamsTeams togetherTeam positionsShared explorationLock speedFull tech treeHidden civsTurbo modeCheats
Victory
Defeat
🇨🇳 Tupi · China
1176
+22
1193
-17
肥肥猫
6:04 Loom
9:17 Feudal Age
10:04 Double-Bit Axe
17:44 Fletching
23:37 Castle Age
22:16 Horse Collar
22:48 Padded Archer Armor
24:19 Bodkin Arrow
23:48 Elite Skirmisher
31:30 Scale Mail Armor
31:53 Heavy Plow
31:44 Pikeman
32:55 Bow Saw
34:00 Chain Mail Armor
34:19 Squires
35:31 Forging
Blazing Cartesia, The Virtuous
0:40 Loom
10:26 Feudal Age
10:50 Man-at-Arms
14:22 Double-Bit Axe
20:00 Fletching
26:16 Bloodlines
26:15 Scale Barding Armor
31:26 Castle Age
30:13 Gold Mining
30:14 Horse Collar
33:25 Stone Mining
35:57 Wheelbarrow
Connection lost

Rejoining the realm…

Still unreachable

The connection could not be restored.

Session expired

The server has moved on; the page needs a fresh start.